 Dungeon Crawl Stone Soup version 0.28-a0-1032-ga8db75c868 (webtiles) character file.

Game seed: 180404789542414036

676 EnegeticOcto the Summoner (level 7, -1/30 HPs)
             Began as a Felid Warper on Dec 7, 2021.
             Was an Initiate of Gozag.
             Slain by a water moccasin (6 damage)
             ... on level 5 of the Dungeon.
             The game lasted 00:22:27 (9793 turns).

EnegeticOcto the Summoner (Felid Warper)            Turns: 9793, Time: 00:22:28

Health: -1/30      AC:  2    Str:  7    XL:     7   Next: 33%
Magic:  5/12       EV: 18    Int: 17    God:    Gozag
Gold:   486        SH:  0    Dex: 15    Spells: 4/12 levels left
                                        Lives:  0   Deaths: 2

rFire   + . .      SeeInvis +     - Unarmed
rCold   + . .      Faith    .   (shield unavailable)
rNeg    . . .      Spirit   .   (armour unavailable)
rPois   +          Reflect  .   (helmet unavailable)
rElec   +          Harm     .   (cloak unavailable)
rCorr   +          Rampage  .   (gloves unavailable)
Will    +....                   (boots unavailable)
Stlth   +++.......              (no amulet)
HPRegen 0.10/turn               (no ring)
MPRegen 0.13/turn               (no ring)

@: lethally poisoned (-1 -> -17), resistant, very slightly contaminated, quick
A: very small, claws 1, fangs 3, see invisible, speed 1, shaggy fur 2, stealthy
paws, no weapons or thrown items, no armour, multi-lived
a: Renounce Religion, Potion Petition, Call Merchant, Bribe Branch


You were on level 5 of the Dungeon.
You worshipped Gozag.
Gozag was aware of your devotion.
You visited 2 branches of the dungeon, and saw 6 of its levels.

You collected 529 gold pieces.
You paid 43 gold pieces to Gozag.

Inventory:

Wands
 m - a wand of acid (5) {@v1}
   (You found it on level 3 of the Dungeon)
 o - a wand of paralysis (6)
   (You took it off Ijyb on level 3 of the Dungeon)
Scrolls
 a - 2 scrolls of blinking {@r4}
 b - 3 scrolls of teleportation {@r3 !r}
 c - a scroll of immolation
 d - 2 scrolls of amnesia {unknown}
 i - a scroll of brand weapon {unknown}
 k - a scroll of enchant armour {unknown}
 n - 4 scrolls of identify {unknown}
 p - a scroll of fear {unknown}
Potions
 e - a potion of attraction {unknown}
 f - a potion of resistance
 h - a potion of curing {unknown}
 j - a potion of heal wounds {unknown}
 l - a potion of brilliance
 q - a potion of lignification {unknown}


   Skills:
 + Level 2.6 Fighting
 + Level 3.8 Dodging
 - Level 4.0 Stealth
 - Level 2.0 Unarmed Combat
 - Level 3.0 Spellcasting
 - Level 8.0 Summonings
 - Level 4.4 Translocations
 - Level 0.6 Fire Magic


You had 4 spell levels left.
You knew the following spells:

 Your Spells              Type           Power      Damage    Failure   Level
b - Summon Small Mammal   Summ           100%       N/A       1%          1
c - Call Canine Familiar  Summ           29%        N/A       1%          3
j - Scorch                Fire           8%         2d5       21%         2
Y - Blink                 Tloc           34%        N/A       4%          2

Your spell library contained the following spells:

 Spells                   Type           Power      Damage    Failure   Level
 Apportation              Tloc           34%        N/A       3%          1
 Gell's Gravitas          Tloc           17%        N/A       9%          3
 Lesser Beckoning         Tloc           17%        N/A       9%          3
 Teleport Other           Tloc           17%        N/A       9%          3
 Summon Guardian Golem    Hex/Summ       16%        N/A       10%         3
 Animate Skeleton         Necr           4%         N/A       17%         1
 Ignite Poison            Fire/Tmut/Pois 3%         N/A       43%         3
 Mephitic Cloud           Conj/Pois/Air  2%         N/A       45%         3
 Flame Wave               Conj/Fire      3%         2d4       83%         4
 Manifold Assault         Tloc           17%        N/A       63%         5
 Summon Cactus Giant      Summ           14%        N/A       69%         6
 Freezing Cloud           Conj/Ice/Air   1%         6-21      99%         5


Dungeon Overview and Level Annotations

Branches:
Dungeon (5/15)             Temple (1/1) D:4

Altars:
Ashenzari
Cheibriados
Elyvilon
Fedhas
Gozag
Kikubaaqudgha
Makhleb
Nemelex Xobeh
Okawaru
Qazlal
Ru
Sif Muna
Trog
Vehumet
Wu Jian
Xom
Yredelemnul
Zin
The Shining One

Annotations:
D:1 Terence
D:2 Natasha


Innate Abilities, Weirdness & Mutations

You have sharp claws.
You have razor-sharp teeth.
You have supernaturally acute eyesight. (SInv)
You cover ground quickly. (Speed+)
You are covered in thick fur. (AC +2)
Your paws help you pounce on unaware monsters.
You are incapable of wielding weapons or throwing items.
You cannot wear armour.
You gain extra lives every three experience levels.


Message History

The iguana hisses menacingly.
Things that are here:
a +0 dagger; a +0 robe
There is a stone staircase leading up here.
The iguana misses you.
You climb upwards.
There is a stone staircase leading down here.
Your magical contamination has completely faded away.
Casting: Scorch (safe; 21% risk of failure)
Confirm with . or Enter, or press ? or * to list all spells.
The iguana bites your rat.
Your rat dies!
Your rat's corpse disappears in a puff of smoke!
You start resting.
An iguana is nearby!
You see here a +0 buckler.
Casting: Summon Small Mammal (safe; 1% risk of failure)
Confirm with . or Enter, or press ? or * to list all spells.
Unknown command.
The iguana completely misses your hound.
Your hound closely misses the iguana.
Your hound barely misses the iguana.
You scratch the iguana but do no damage.
You bite the iguana, but do no damage.
Your hound bites the iguana but does no damage.
The iguana misses you.
You closely miss the iguana.
Your hound bites the iguana.
The iguana misses you.
Your hound barely misses the iguana.
You closely miss the iguana.
The iguana is lightly wounded.
Your hound bites the iguana.
The iguana bites you.
You scratch the iguana.
The iguana is moderately wounded.
Your hound bites the iguana.
The iguana closely misses you.
Your hound barely misses the iguana.
You scratch the iguana but do no damage.
The iguana is moderately wounded.
Your hound bites the iguana but does no damage.
The iguana barely misses you.
You scratch the iguana.
The iguana is heavily wounded.
Your hound barely misses the iguana.
The iguana hisses menacingly.
The iguana bites you!
Your hound bites the iguana.
Casting: Call Canine Familiar (safe; 1% risk of failure)
Confirm with . or Enter, or press ? or * to list all spells.
Your hound bites the iguana.
The iguana closely misses your hound.
You catch the helpless iguana completely off-guard!
You claw the iguana!
You kill the iguana!
You now have 486 gold pieces (gained 7).
Your hound disappears in a puff of smoke!
Your quokka disappears in a puff of smoke!
Magic restored.
HP restored.
Done exploring.
Done exploring.
(D) Dungeon (T) Temple
Where to? (Enter - D:5, ? - help)
There is a stone staircase leading down here.
You climb downwards.
There is a stone staircase leading up here.
A water moccasin is nearby!
Casting: Summon Small Mammal (safe; 1% risk of failure)
Confirm with . or Enter, or press ? or * to list all spells.
Your hound closely misses the water moccasin.
Casting: Scorch (safe; 21% risk of failure)
Press: ? - help, Q - select action, (/) - cycle Dir - look around, f - activate Flames lash the water moccasin.
The water moccasin is moderately wounded.
The water moccasin's fire resistance burns away.
The water moccasin barely misses you.
Your hound misses the water moccasin. The water moccasin bites you!
You are poisoned.
The water moccasin poisons you!
Your hound bites the water moccasin.
Okay, then.
You feel very sick.
Your hound bites the water moccasin.
Press: ? - help, v - describe, . - travel
Here: a water moccasin (heavily wounded, more vulnerable to fire, ally target)
The floor.
Unknown command.
Casting: Scorch (safe; 21% risk of failure)
Confirm with . or Enter, or press ? or * to list all spells.
You miscast Blink.
You are very lightly contaminated with residual magic.
Nothing appears to happen.
You feel sick.
Your hound bites the water moccasin but does no damage.
The water moccasin bites you!
You are lethally poisoned!
The water moccasin poisons you!
It was a potion of resistance.
You feel protected.
* * * LOW HITPOINT WARNING * * *
You feel very sick.
Your hound closely misses the water moccasin.
The water moccasin barely misses you.
Your hound misses the water moccasin. The water moccasin bites you.
You die...
Your body crumbles into a pile of gold.

... ... ... ## $
### #. .. # ###.
...## #..
##....#.#####.####
.......@S.<.......
######.##h......##
### #. #...#...#
.. .. #...# ..# ..
### #...# ... ##S
##.## .# ### ..
######..# . ..# .#
##.....?#.
..####.# #..######
#.


You could see a water moccasin (combustible, ally target) and a friendly hound
(summoned).

Vanquished Creatures
  An ice beast (D:4)
  A scorpion (D:5)
  2 iguanas (D:4)
  Ijyb (D:3)
  2 adders
  A howler monkey skeleton (D:4)
  2 worms (D:4)
  3 dart slugs
  An orc (D:4)
  8 endoplasms
  A giant cockroach (D:2)
  11 goblins
  9 hobgoblins
  A jackal (D:5)
  5 kobolds
  A quokka (D:2)
  5 ball pythons
  7 bats
  2 frilled lizards (D:2)
  7 rats (D:1)
71 creatures vanquished.

Vanquished Creatures (collateral kills)
  A water moccasin (D:5)
  2 ogres
  A scorpion (D:4)
  A water moccasin zombie (D:5)
  A water moccasin skeleton (D:4)
  A jelly (D:4)
  A gnoll shaman (D:3)
  A bullfrog skeleton (D:5)
  3 orc wizards (D:5)
  A hound skeleton (D:4)
  6 adders
  3 gnolls (D:4)
  A worm (D:4)
  3 endoplasms
  A giant cockroach (D:4)
  2 goblins (D:3)
  2 jackals (D:5)
  A ball python (D:4)
32 creatures vanquished.

Grand Total: 103 creatures vanquished

Notes
Turn   | Place    | Note
-------+----------+-------------------------------------------
     0 | D:1      | EnegeticOcto the Felid Warper began the quest for the Orb.
     0 | D:1      | Reached XP level 1. HP: 9/9 MP: 4/4
    25 | D:1      | Reached skill level 1 in Stealth
   653 | D:1      | Reached skill level 2 in Stealth
   863 | D:1      | Reached XP level 2. HP: 13/13 MP: 6/6
   894 | D:1      | Learned a level 2 spell: Scorch
  1044 | D:1      | Reached skill level 3 in Stealth
  1448 | D:1      | Learned a level 1 spell: Summon Small Mammal
  1727 | D:1      | Reached XP level 3. HP: 13/16 MP: 5/7
  2538 | D:2      | Reached skill level 1 in Summonings
  2839 | D:2      | Noticed Terence
  3170 | D:2      | Reached skill level 4 in Stealth
  3493 | D:2      | Noticed Natasha
  3607 | D:2      | Learned a level 3 spell: Call Canine Familiar
  3659 | D:3      | You fall into a shaft and drop 1 floor!
  3680 | D:4      | Reached skill level 2 in Summonings
  3680 | D:4      | Reached XP level 4. HP: 14/19 MP: 5/8
  3745 | D:4      | Reached skill level 3 in Summonings
  3900 | D:4      | Found a staircase to the Ecumenical Temple.
  3978 | Temple   | Entered the Ecumenical Temple
  4205 | Temple   | Became a worshipper of Gozag Ym Sagoz the Greedy
  4432 | D:3      | Reached XP level 5. HP: 7/22 MP: 5/9
  4437 | D:3      | HP: 1/22 [poisoned by an adder]
  5151 | D:3      | Found a faded altar of an unknown god.
  5245 | D:3      | Noticed Ijyb
  5364 | D:3      | Paralysed by Ijyb for 6 turns
  5368 | D:3      | Slain by Ijyb
  5369 | D:3      | Reached XP level 4. HP: -1/19 MP: 8/8
  5516 | D:3      | Killed Ijyb
  5857 | D:4      | Reached skill level 4 in Summonings
  5920 | D:4      | Reached XP level 5. HP: 4/22 MP: 5/9
  6188 | D:4      | Noticed an ogre
  6212 | D:4      | Killed an ogre
  6213 | D:4      | Reached skill level 5 in Summonings
  6263 | D:4      | Gained mutation: You are covered in thick fur. (AC +2)
                  | [Felid growth]
  6263 | D:4      | Reached XP level 6. HP: 26/26 MP: 7/10
  6357 | D:4      | Noticed an ice beast
  7905 | D:4      | Reached skill level 6 in Summonings
  8042 | D:3      | Learned a level 2 spell: Blink
  8407 | D:4      | Killed an ice beast
  8564 | D:5      | Entered Level 5 of the Dungeon
  8616 | D:5      | Reached XP level 7. HP: 30/30 MP: 5/11
  8619 | D:5      | Reached skill level 7 in Summonings
  8873 | D:5      | Slain by a water moccasin
  8874 | D:5      | Reached XP level 6. HP: -3/26 MP: 3/10
  9178 | D:5      | Killed a water moccasin
  9179 | D:5      | Reached skill level 8 in Summonings
  9179 | D:5      | Reached XP level 7. HP: 30/30 MP: 2/11
  9308 | D:5      | Reached skill level 3 in Spellcasting
  9793 | D:5      | Slain by a water moccasin

Illustrated notes

Levels and vault maps discovered:
D:1:      dpeg_arrival_ratfight, layout_basic, chequers_serial_rivers_small_3,
          chequers_arboretum
D:2:      layout_basic, grunt_ministairs_6, uniq_natasha, uniq_terence
D:3:      cheibrodos_greedy_goblins, layout_rooms,
          chequers_ecumenical_altar_grove, uniq_ijyb
D:4:      layout_rooms, minmay_temple_entry_glass, bh_walls_and_bars
D:5:      layout_rooms
Temple:   mainiacjoe_temple_bowtie_tessellation

Skill      XL: |  1  2  3  4  5  6  7 |
---------------+----------------------+-----
Stealth        | 2 3 4 |  4.0
Summonings     | 2 4 5 8 7 |  8.0
Spellcasting   | 3 |  3.0
Fighting       | |  2.6
Dodging        | |  3.8
Unarmed Combat | |  2.0
Translocations | |  4.4
Fire Magic     | |  0.6

Action                   |  1- 3 |  4- 6 |  7- 9 || total
-------------------------+-------+-------+-------++-------
Melee: Unarmed           |   127 |   120 |     9 ||   256
       Bite              |     5 |     9 |     1 ||    15
       Punch             |       |     1 |       ||     1
 Cast: Summon Small Mamm |    33 |    78 |    16 ||   127
       Call Canine Famil |       |    16 |    11 ||    27
       Scorch            |       |    16 |     3 ||    19
       Blink             |       |       |     1 ||     1
Evoke: Wand              |       |     3 |       ||     3
  Use: Scroll            |     2 |       |     1 ||     3
       Potion            |       |       |     2 ||     2
 Stab: Sleeping          |     8 |     8 |       ||    16
       Distracted        |     1 |     1 |     1 ||     3
Armor: Skin              |     9 |     9 |       ||    18
Dodge: Dodged            |    85 |    82 |    14 ||   181

Table legend: (Time is in decaauts)
 A = Elapsed time spent in this place.
 B = Non-inter-level travel time spent in this place.
 C = Inter-level travel time spent in this place.
 D = Time resting spent in this place.
 E = Time spent auto-exploring this place.
 F = Levels seen in this place.
 G = Mean time per level.
                   A        B        C        D        E       F      G
               +--------+--------+--------+--------+--------+-----+--------+
         Total |   9011 |   8776 |    235 |   3021 |   3753 |   6 | 1501.8 |
       Dungeon |   8804 |   8604 |    200 |   3021 |   3599 |   5 | 1760.8 |
        Temple |    207 |    173 |     34 |      0 |    154 |   1 |  207.0 |
               +--------+--------+--------+--------+--------+-----+--------+

Top non-repeatable levels by time:
     D:1: 2567 daAuts
     D:3: 2306 daAuts
     D:4: 2303 daAuts
     D:5: 927 daAuts
     D:2: 698 daAuts
  Temple: 207 daAuts
